General information
- name: BNet
- type: Ladder team game (AT/RT)
- host: Battle.net
- saver: HereToKickAss
map: Deadlock
- players: 8
- length: 02:52
- speed: Fast
- version: 1.27 W3XP
- replay type: Public
» download(13 KB)
Players
team 1 (winner)

»
Raspi (
green | 21 APM | 59 actions | 02:52)
1 Blood Mage
1 Flame Strike
» actions
| Build / train | 6 | |
| Enter build submenu | 9 | |
| Enter hero's abilities submenu | 1 | |
| Right click | 8 | |
| Select / deselect | 28 | |
| Use ability | 7 | |
59 total
» units
» buildings
| Altar of Kings | 1 | |
| Barracks | 1 | |
| Farm | 3 | |
| Lumber Mill | 1 | |
| Blacksmith | 1 | |
7 total
» build order
00:15 Altar of Kings
00:40 Barracks
01:17 Farm
01:45 Farm
01:51 Lumber Mill
02:12 Blacksmith
02:48 Farm

»
Clarence (
yellow | 32 APM | 92 actions | 02:52)
1 Far Seer
1 Feral Spirit
» actions
| Build / train | 10 | |
| Enter build submenu | 6 | |
| Enter hero's abilities submenu | 1 | |
| Right click | 29 | |
| Select / deselect | 39 | |
| Use ability | 7 | |
92 total
» units
» buildings
| Altar of Storms | 1 | |
| Orc Burrow | 2 | |
| Barracks | 1 | |
| War Mill | 1 | |
| Voodoo Lounge | 1 | |
6 total
» build order
00:23 Altar of Storms
00:37 Orc Burrow
00:53 Barracks
01:44 War Mill
01:52 Orc Burrow
02:42 Voodoo Lounge
Jaszczomb (
purple | 47 APM | 135 actions | 02:52)
1 Pandaren Brewmaster
1 Breath of Fire
» actions
| Assign group hotkey | 5 | |
| Build / train | 14 | |
| Enter build submenu | 6 | |
| Enter hero's abilities submenu | 1 | |
| Right click | 44 | |
| Select / deselect | 30 | |
| Select group hotkey | 28 | |
| Use ability | 7 | |
135 total
» units
» buildings
| Ancient of War | 1 | |
| Moon Well | 3 | |
| Altar of Elders | 1 | |
| Ancient of Wonders | 1 | |
6 total
» build order
00:11 Ancient of War
00:19 Moon Well
01:13 Altar of Elders
01:43 Moon Well
02:24 Moon Well
02:31 Ancient of Wonders
Teribillis (
pink | 32 APM | 91 actions | 02:52)
1 Mountain King
1 Storm Bolt
» actions
| Build / train | 12 | |
| Enter build submenu | 8 | |
| Enter hero's abilities submenu | 1 | |
| Right click | 23 | |
| Select / deselect | 38 | |
| Use ability | 9 | |
91 total
» units
» buildings
| Altar of Kings | 1 | |
| Farm | 3 | |
| Lumber Mill | 1 | |
| Blacksmith | 1 | |
| Barracks | 2 | |
8 total
» build order
00:24 Altar of Kings
00:40 Farm
00:56 Lumber Mill
01:12 Farm
01:38 Blacksmith
01:57 Barracks
02:24 Barracks
02:40 Farm
team 2 (loser)
Miri (
red | 19 APM | 48 actions | 02:35)
» actions
| Assign group hotkey | 2 | |
| Build / train | 8 | |
| ESC pressed | 2 | |
| Enter build submenu | 3 | |
| Right click | 5 | |
| Select / deselect | 17 | |
| Select group hotkey | 2 | |
| Use ability | 9 | |
48 total
» units
» buildings
| Altar of Elders | 1 | |
| Moon Well | 2 | |
| Ancient of War | 1 | |
4 total
» build order
00:09 Altar of Elders
00:17 Moon Well
00:17 Moon Well
01:59 Ancient of War
hijackmaag (
orange | 42 APM | 119 actions | 02:51)
1 Blademaster
1 Wind Walk
1 Warden
1 Fan of Knives
» actions
| Assign group hotkey | 1 | |
| Basic commands | 3 | |
| Build / train | 14 | |
| Enter build submenu | 7 | |
| Enter hero's abilities submenu | 2 | |
| Right click | 38 | |
| Select / deselect | 44 | |
| Use ability | 10 | |
119 total
» units
» buildings
| Altar of Storms | 1 | |
| Orc Burrow | 2 | |
| Barracks | 1 | |
| Voodoo Lounge | 1 | |
| War Mill | 1 | |
6 total
» build order
00:15 Altar of Storms
00:20 Orc Burrow
00:34 Barracks
01:24 Voodoo Lounge
01:49 Orc Burrow
02:29 War Mill
HereToKickAss (
blue | 26 APM | 76 actions | 02:52)
» actions
| Right click | 42 | |
| Select / deselect | 15 | |
| Use ability | 19 | |
76 total

»
HitSomeOne (
teal | 27 APM | 79 actions | 02:52)
» actions
| Build / train | 7 | |
| Enter build submenu | 7 | |
| Right click | 32 | |
| Select / deselect | 26 | |
| Use ability | 7 | |
79 total
» units
» buildings
| Altar of Darkness | 1 | |
| Crypt | 2 | |
| Ziggurat | 3 | |
| Graveyard | 1 | |
7 total
» build order
00:24 Altar of Darkness
00:38 Crypt
00:47 Ziggurat
01:27 Crypt
01:57 Ziggurat
02:28 Ziggurat
02:43 Graveyard
Chat log
(00:08 / Allies) hijackmaag: again
(00:09 / Allies) hijackmaag: u
(00:10 / Allies) hijackmaag: WTF
(00:54 / Allies) Miri: blue?
(01:02 / Allies) hijackmaag: fucking troll